 Dungeon Crawl Stone Soup version 0.27-a0-955-gb57c80000f (webtiles) character file.

Game seed: 16662989868474416822

361 Bapho the Magician (level 6, -4/44 HPs)
             Began as a Gnoll Hedge Wizard on Apr 12, 2021.
             Slain by a gnoll sergeant
             ... wielding a +0 trident
              (10 damage)
             ... on level 3 of the Dungeon.
             The game lasted 00:08:43 (4797 turns).

Bapho the Magician (Gnoll Hedge Wizard)             Turns: 4797, Time: 00:08:43

Health: -4/44      AC:  5    Str: 10    XL:     6   Next: 66%
Magic:  3/16       EV: 13    Int: 15    God:
Gold:   243        SH:  0    Dex: 11    Spells: 8/19 levels left

rFire    . . .     SeeInvis .   o - +0 flail
rCold    . . .     Faith    .   (no shield)
rNeg     . . .     Spirit   .   b - +0 robe
rPois    .         Reflect  .   c - +0 hat
rElec    .         Harm     .   (no cloak)
rCorr    .         Rampage  .   (no gloves)
Will     .....                  s - +2 pair of boots
Stlth    +++.......             (no amulet)
HPRegen  0.14/turn              (no ring)
MPRegen  0.15/turn              (no ring)

@: no status effects
A: fangs 1, strong nose, distributed training
a: no special abilities


You were on level 3 of the Dungeon.
You visited 1 branch of the dungeon, and saw 4 of its levels.

You collected 243 gold pieces.

Inventory:

Hand Weapons
 a - a +0 dagger
 e - a +0 dagger of protection
 o - a +0 flail (weapon)
Missiles
 d - 81 stones
Armour
 b - a +0 robe (worn)
 c - a +0 hat (worn)
 s - a +2 pair of boots (worn)
Wands
 r - a wand of flame (18)
Scrolls
 h - 4 scrolls of identify
 j - a scroll of enchant armour {unknown}
 l - a scroll of acquirement {unknown}
 m - a scroll of blinking {unknown}
 p - a scroll of noise {unknown}
Potions
 f - a potion of ambrosia
 g - 2 potions of invisibility
 i - a potion of resistance {unknown}
 k - 2 potions of lignification {unknown}
 n - a potion of mutation {unknown}
 q - a potion of curing {unknown}


   Skills:
 + Level 2.0 Fighting
 + Level 2.0 Short Blades
 + Level 2.0 Long Blades
 + Level 2.0 Axes
 + Level 2.0 Maces & Flails
 + Level 2.0 Polearms
 + Level 2.0 Staves
 + Level 2.0 Slings
 + Level 2.0 Bows
 + Level 2.0 Crossbows
 + Level 2.0 Throwing
 + Level 2.0 Armour
 + Level 5.0 Dodging
 + Level 4.6 Stealth
 + Level 2.0 Shields
 + Level 2.0 Unarmed Combat
 + Level 7.4 Spellcasting
 + Level 2.7 Conjurations
 + Level 1.6 Hexes
 + Level 2.7 Summonings
 + Level 1.6 Necromancy
 + Level 2.7 Translocations
 + Level 1.6 Transmutations
 + Level 1.6 Fire Magic
 + Level 1.6 Ice Magic
 + Level 1.6 Air Magic
 + Level 1.6 Earth Magic
 + Level 1.6 Poison Magic
 + Level 2.2 Invocations
 + Level 2.0 Evocations


You had 8 spell levels left.
You knew the following spells:

 Your Spells              Type           Power      Damage    Failure   Level
a - Magic Dart            Conj           52%        1d5       4%          1
b - Blink                 Tloc           N/A        N/A       6%          2
c - Call Imp              Summ           13%        N/A       6%          2
d - Conjure Flame         Conj/Fire      12%        6-21      16%         3
e - Mephitic Cloud        Conj/Pois/Air  11%        N/A       17%         3

Your spell library contained the following spells:

 Spells                   Type           Power      Damage    Failure   Level
 Slow                     Hex            10%        N/A       10%         2
 Gell's Gravitas          Tloc           6%         N/A       13%         3
 Confusing Touch          Hex            10%        N/A       19%         3
 Petrify                  Tmut/Erth      10%        N/A       54%         4
 Metabolic Englaciation   Hex/Ice        5%         N/A       87%         5
 Yara's Violent Unravell  Hex/Tmut       5%         3d4       87%         5


Dungeon Overview and Level Annotations

Branches:
Dungeon (4/15)
 Temple: D:4-7

Altars:
Okawaru
Yredelemnul


Innate Abilities, Weirdness & Mutations

You have very sharp teeth.
Your uncanny sense of smell can sniff out nearby items.
Your experience applies equally to all skills.


Message History

The gnoll sergeant is lightly wounded.
The magic dart hits the gnoll sergeant.
The gnoll sergeant is moderately wounded.
The magic dart hits the gnoll sergeant.
The gnoll sergeant is moderately wounded.
The magic dart hits the gnoll sergeant but does no damage.
The gnoll sergeant is moderately wounded.
The magic dart hits the gnoll sergeant but does no damage.
The gnoll sergeant is moderately wounded.
The magic dart hits the gnoll sergeant but does no damage.
The gnoll sergeant is moderately wounded.
The magic dart hits the gnoll sergeant but does no damage.
The gnoll sergeant is moderately wounded.
The magic dart hits the gnoll sergeant but does no damage.
The gnoll sergeant is moderately wounded.
The gnoll sergeant hits you with a +0 trident.
The magic dart hits the gnoll sergeant but does no damage.
The gnoll sergeant is moderately wounded.
The magic dart hits the gnoll sergeant but does no damage.
The gnoll sergeant is moderately wounded.
The gnoll sergeant closely misses you.
You are too depleted to draw on your mana recklessly!
You hit the gnoll sergeant but do no damage.
You bite the gnoll sergeant, but do no damage.
The gnoll sergeant is moderately wounded.
The gnoll sergeant seems less confused.
The gnoll sergeant hits you with a +0 trident!
You hit the gnoll sergeant but do no damage.
The gnoll sergeant is moderately wounded.
The gnoll sergeant hits you with a +0 trident!
* * * LOW HITPOINT WARNING * * *
You sock the gnoll sergeant!
The gnoll sergeant is heavily wounded.
The gnoll sergeant hits you with a +0 trident.
* * * LOW HITPOINT WARNING * * *
The gnoll sergeant hits you from afar with a +0 trident.
* * * LOW HITPOINT WARNING * * *
There is a stone staircase leading up here.
The gnoll sergeant hits you from afar with a +0 trident!
You die...

### ##...... #.# #...#.##
###.###### #....... #........#
#...#.## #........# ###...#.##
#........# #....##.##
#........# ###.......
#####...##### #######..#.##
##..........@## #............
##.............###..........#.
#............g..##..........##
#...............#...........#
#...............#...........##
#.............................
#................#............
##.............#.#########..##
##.....#.....##...##.......#


You could see a gnoll sergeant.

Vanquished Creatures
  Sigmund (D:4)
  A centaur skeleton (D:3)
  An orc wizard (D:3)
  A hound skeleton (D:3)
  3 gnolls (D:4)
  3 adders
  2 adder zombies (D:3)
  2 worms (D:2)
  4 dart slugs
  4 orcs (D:3)
  5 bats
  3 endoplasms
  5 giant cockroaches
  6 goblins
  8 hobgoblins
  A jackal (D:1)
  A kobold (D:2)
  2 quokkas
  8 ball pythons
  4 frilled lizards
  2 rats
67 creatures vanquished.

Vanquished Creatures (collateral kills)
  2 jackals (D:1)
  A frilled lizard (D:1)
3 creatures vanquished.

Vanquished Creatures (others)
  2 withered plants (D:3)
2 creatures vanquished.

Grand Total: 72 creatures vanquished

Notes
Turn   | Place    | Note
-------+----------+-------------------------------------------
     0 | D:1      | Bapho the Gnoll Hedge Wizard began the quest for the Orb.
     0 | D:1      | Reached XP level 1. HP: 13/13 MP: 8/8
   215 | D:1      | Reached XP level 2. HP: 19/19 MP: 7/10
   237 | D:1      | Learned a level 2 spell: Blink
   245 | D:1      | Learned a level 2 spell: Call Imp
   568 | D:1      | Found a faded altar of an unknown god.
  1136 | D:1      | Reached XP level 3. HP: 21/25 MP: 7/11
  1614 | D:2      | Learned a level 3 spell: Conjure Flame
  1633 | D:2      | Reached skill level 1 in Invocations
  1871 | D:1      | Learned a level 3 spell: Mephitic Cloud
  2274 | D:2      | Reached skill level 1 in Fighting
  2274 | D:2      | Reached skill level 1 in Short Blades
  2274 | D:2      | Reached skill level 1 in Long Blades
  2274 | D:2      | Reached skill level 1 in Axes
  2274 | D:2      | Reached skill level 1 in Maces & Flails
  2274 | D:2      | Reached skill level 1 in Polearms
  2274 | D:2      | Reached skill level 1 in Staves
  2274 | D:2      | Reached skill level 1 in Slings
  2274 | D:2      | Reached skill level 1 in Bows
  2274 | D:2      | Reached skill level 1 in Crossbows
  2274 | D:2      | Reached skill level 1 in Throwing
  2274 | D:2      | Reached skill level 1 in Armour
  2274 | D:2      | Reached skill level 1 in Shields
  2274 | D:2      | Reached skill level 1 in Unarmed Combat
  2274 | D:2      | Reached skill level 1 in Evocations
  2772 | D:3      | Reached XP level 4. HP: 26/32 MP: 4/13
  2968 | D:3      | Found a basalt altar of Yredelemnul.
  3002 | D:3      | Reached skill level 1 in Hexes
  3002 | D:3      | Reached skill level 1 in Necromancy
  3002 | D:3      | Reached skill level 1 in Transmutations
  3002 | D:3      | Reached skill level 1 in Fire Magic
  3002 | D:3      | Reached skill level 1 in Ice Magic
  3002 | D:3      | Reached skill level 1 in Air Magic
  3002 | D:3      | Reached skill level 1 in Earth Magic
  3002 | D:3      | Reached skill level 1 in Poison Magic
  3162 | D:3      | Reached XP level 5. HP: 32/37 MP: 9/14
  3321 | D:3      | Found an iron altar of Okawaru.
  4134 | D:4      | Noticed Sigmund
  4151 | D:4      | Killed Sigmund
  4152 | D:4      | Reached skill level 5 in Dodging
  4152 | D:4      | Reached XP level 6. HP: 36/44 MP: 2/16
  4602 | D:4      | Noticed a black bear
  4797 | D:3      | Slain by a gnoll sergeant

Illustrated notes

Levels and vault maps discovered:
D:1:      dpeg_arrival_signposts, layout_basic, basic_ecumenical_altar,
          hex_tiny, chequers_serial_rivers_micro_c
D:2:      layout_rooms, minmay_tree_intersection, minmay_nonomino_d4
D:3:      layout_rooms, yredelemnul_altar_generic, amcnicky_altar_gilded,
          serial_undead, serial_undead_b, serial_undead_c, serial_undead_e,
          serial_undead_f
D:4:      layout_rooms, kennysheep_little_box, minmay_temple_entry_large_hall,
          uniq_sigmund

Skill      XL: |  1  2  3  4  5 |
---------------+----------------+-----
Conjurations   | 2 |  2.7
Summonings     | 2 |  2.7
Translocations | 2 |  2.7
Invocations    | 1 2 |  2.2
Fighting       | 1 2 |  2.0
Short Blades   | 1 2 |  2.0
Long Blades    | 1 2 |  2.0
Axes           | 1 2 |  2.0
Maces & Flails | 1 2 |  2.0
Polearms       | 1 2 |  2.0
Staves         | 1 2 |  2.0
Slings         | 1 2 |  2.0
Bows           | 1 2 |  2.0
Crossbows      | 1 2 |  2.0
Throwing       | 1 2 |  2.0
Armour         | 1 2 |  2.0
Shields        | 1 2 |  2.0
Unarmed Combat | 1 2 |  2.0
Evocations     | 1 2 |  2.0
Hexes          | 1 |  1.6
Necromancy     | 1 |  1.6
Transmutations | 1 |  1.6
Fire Magic     | 1 |  1.6
Ice Magic      | 1 |  1.6
Air Magic      | 1 |  1.6
Earth Magic    | 1 |  1.6
Poison Magic   | 1 |  1.6
Dodging        | 5 |  5.0
Stealth        | |  4.6
Spellcasting   | |  7.4

Action                   |  1- 3 |  4- 6 || total
-------------------------+-------+-------++-------
Melee: Dagger            |    28 |       ||    28
       Bite              |     2 |     4 ||     6
       Flail             |       |    44 ||    44
 Cast: Magic Dart        |   116 |   107 ||   223
       Call Imp          |     3 |       ||     3
       Conjure Flame     |     3 |     1 ||     4
       Mephitic Cloud    |     2 |     8 ||    10
  Use: Scroll            |     2 |       ||     2
Armor: Robe              |     2 |     7 ||     9
Dodge: Dodged            |    28 |    52 ||    80

Table legend: (Time is in decaauts)
 A = Elapsed time spent in this place.
 B = Non-inter-level travel time spent in this place.
 C = Inter-level travel time spent in this place.
 D = Time resting spent in this place.
 E = Time spent auto-exploring this place.
 F = Levels seen in this place.
 G = Mean time per level.
                   A        B        C        D        E       F      G
               +--------+--------+--------+--------+--------+-----+--------+
         Total |   4818 |   4680 |    138 |    916 |   3121 |   4 | 1204.5 |
       Dungeon |   4818 |   4680 |    138 |    916 |   3121 |   4 | 1204.5 |
               +--------+--------+--------+--------+--------+-----+--------+

Top non-repeatable levels by time:
     D:1: 1676 daAuts
     D:3: 1482 daAuts
     D:2: 1395 daAuts
     D:4: 263 daAuts
